[Event "Live Chess"]
[Site "Chess.com"]
[Date "2024.06.02"]
[Round "-"]
[White "defenderalist"]
[Black "DfNn"]
[Result "0-1"]
[WhiteElo "1527"]
[BlackElo "1571"]
[TimeControl "300"]
[EndTime "3:50:55 PDT"]
[Termination "DfNn won by resignation"]

1. e4 e5 2. f4 exf4 3. Nf3 g5 4. Bc4 g4 5. Ne5 Qh4+ 6. Kf1 d6 7. Nxf7 Nf6 8. d3 Rg8 9. Bxf4 Nc6 10. g3 Qh3+ 11. Kf2 Rg7 12. Ng5 Qh5 13. Nc3 Rxg5 14. Bxg5 Qxg5 15.
Rf1 Nd4 16. Nd5 Nxd5 17. Bxd5 c6 18. Bb3 Qc5 19. Kg2 Bg7 20. Bf7+ Ke7 21. Bh5 Qxh5 22. c3 Qh3+ 23. Kg1 Nf3+ 24. Rxf3 gxf3 25. Qxf3 Be6 26. d4 Rf8 27. Qe3 h5 28. Qg5+ Bf6 29. Qh6 Qg4 30. Rf1 Rf7 31. e5 dxe5 32. dxe5 Bxe5 0-1

[Event "Live Chess"]
[Site "Chess.com"]
[Date "2024.06.02"]
[Round "-"]
[White "Pandreq"]
[Black "MagnersCarlsberg2870"]
[Result "1-0"]
[WhiteElo "1234"]
[BlackElo "1780"]
[TimeControl "300"]
[EndTime "3:51:58 PDT"]
[Termination "Pandreq won by resignation"]

1. d4 Nf6 2. c4 e5 3. d5 Bc5 4. Nc3 d6 5. Nf3 Ng4 6. e3 Qf6 7. Ne4 Qe7 8. Nxc5 dxc5 9. h3 Nf6 10. Qc2 g6 11. e4 Nh5 12. Bg5 f6 13. Be3 h6 14.
Nh4 f5 15. Nxg6 Qg7 16. Nxh8 Qxh8 17. Bxc5 Na6 18. Ba3 Ng7 19. b3 fxe4 20. Qxe4 Nf5 21. Bb2 Nd6 22. Bxe5 Nxe4 23. Bxh8 Bf5 24. Bg7 O-O-O 25.
Bxh6 Nb4 26. Kd1 Nc3+ 27. Kc1 Re8 28. Bd2 Nd3+ 29. Bxd3 Bxd3 1-0

[Event "Live Chess"]
[Site "Chess.com"]
[Date "2024.06.02"]
[Round "-"]
[White "f4nomore"]
[Black "dhairyapandyauk"]
[Result "1-0"]
[WhiteElo "1268"]
[BlackElo "1629"]
[TimeControl "300"]
[EndTime "3:52:01 PDT"]
[Termination "f4nomore won by checkmate"]

1. Nc3 d5 2. d4 f6 3. e3 Bf5 4.
Be2 e5 5. dxe5 fxe5 6. Bh5+ g6 7.
Bg4 Bxg4 8. Qxg4 Nf6 9. Qe6+ Qe7 10. Qc8+ Kf7 11. Nf3 Bg7 12. Qxb7 d4 13. Qb3+ Kf8 14.
Nd5 Nxd5 15. Qxd5 c6 16. Qe4 dxe3 17. Bxe3 Qe6 18. Bc5+ Kg8 19. Rd1 Nd7 20. O-O Nxc5 21. Qb4 Nd7 22. Qb7 Rd8 23. Qxa7 Kf7 24. Ng5+ Ke7 25. Nxe6 Kxe6 26. Qe3 h5 27. c3 Bh6 28. f4 Rhe8 29. Qe4 Nf6 30. Qxe5+ Kf7 31. Qc7+ Nd7 32.
Rxd7+ Rxd7 33. Qxd7+ Re7 34. Qxc6 Kg7 35. Qd5 Rf7 36.
Qd4+ Kh7 37. g3 Bg7 38. Qd5 Re7 39. c4 Re2 40. Qd3 Rxb2 41. Rc1 Rxa2 42. c5 Ra4 43. c6 Bd4+ 44. Kg2 Ra2+ 45. Kh3 Bf6 46. c7 h4 47.
c8=Q hxg3 48. hxg3 Kh6 49. Qg4 Bd4 50. Qdxg6# 1-0

[Event "Live Chess"]
[Site "Chess.com"]
[Date "2024.06.02"]
[Round "-"]
[White "Mikhail_Golubev"]
[Black "Andriy_Yaremovych"]
[Result "1-0"]
[WhiteElo "2515"]
[BlackElo "1588"]
[TimeControl "300"]
[EndTime "3:52:09 PDT"]
[Termination "Mikhail_Golubev won by checkmate"]

1. e4 b6 2. d4 Bb7 3. Bd3 Nf6 4. Qe2 e6 5. Nf3 Nc6 6. e5 Nd5 7. a3 h6 8. c4 Nde7 9. Nc3 d5 10. exd6 cxd6 11.
d5 exd5 12. cxd5 Nb8 13. O-O g6 14. Re1 Bg7 15. Bf4 a6 16. Ne4 O-O 17. Nxd6 Nxd5 18. Bg3 Bc6 19. Be4 Ne7 20. Rad1 Nd7 21. Bxc6 Nxc6 22.
Qe4 Ncb8 23. Qxa8 Qf6 24. Ne5 Nxe5 25. Bxe5 Qg5 26. Nxf7 Kxf7 27. Qb7+ Kg8 28. Qxg7# 1-0

[Event "Live Chess"]
[Site "Chess.com"]
[Date "2024.06.02"]
[Round "-"]
[White "Duke_of_Bebington"]
[Black "Eva3337"]
[Result "1-0"]
[WhiteElo "1655"]
[BlackElo "1173"]
[TimeControl "300"]
[EndTime "3:52:12 PDT"]
[Termination "Duke_of_Bebington won on time"]

1. e4 Nc6 2. d4 d5 3. exd5 Qxd5 4.
Nf3 e5 5. dxe5 Qxd1+ 6. Kxd1 Bg4 7. Bf4 Bxf3+ 8. gxf3 O-O-O+ 9. Kc1 Nge7 10. Nc3 Ng6 11. Bh3+ Kb8 12. Bg5 Re8 13. f4 Be7 14. Bxe7 Rxe7 15.
Rd1 Nxf4 16. Bf1 Rxe5 17. b3 Rhe8 18. Kb2 a6 19. Rd2 Rd8 20. Rxd8+ Nxd8 21. Rd1 Kc8 22. Bc4 f6 23. Nd5 Nxd5 24. Bxd5 c6 25. Bf3 Kc7 26. Bg4 f5 27. Bh3 g5 28. f4 Re3 29.
Bxf5 gxf4 30. Rd7+ Kb6 31. Rxd8 f3 32. Rd3 Rxd3 33. Bxd3 Kc5 34. Kc1 Kd4 35. Kd2 h5 36. a4 b5 37. axb5 axb5 38. Ke1 b4 39. Kf2 Ke5 40.
Kxf3 Kf6 41. Kg3 Kg5 42. h4+ Kh6 43. Be2 c5 44. Kf4 Kg7 45. Kg5 Kh7 46. Kxh5 Kg7 47. Kg5 c4 48. Bxc4 Kh7 49. h5 Kg7 50. Kf5 Kh8 51. Ke5 Kg7 52. Kd5 1-0

[Event "Live Chess"]
[Site "Chess.com"]
[Date "2024.06.02"]
[Round "-"]
[White "juniortay"]
[Black "AlexanderMatlak"]
[Result "0-1"]
[WhiteElo "2367"]
[BlackElo "2404"]
[TimeControl "300"]
[EndTime "3:52:34 PDT"]
[Termination "AlexanderMatlak won by resignation"]

1. e4 c5 2. Nf3 d6 3. d4 cxd4 4. Qxd4 a6 5. Be3 Nf6 6. Nc3 Nc6 7. Qb6 Qxb6 8. Bxb6 g6 9. O-O-O Bg7 10. e5 dxe5 11.
Nxe5 O-O 12. Nxc6 bxc6 13. Bc4 a5 14. Rhe1 e6 15. Rd6 Nd5 16. Bxd5 cxd5 17. Nb5 Rb8 18. a4 Bb7 19. Bd4 Rfd8 20. Rxd8+ Rxd8 21. Bxg7 Kxg7 22. Nd4 Kf6 23. f4 Rc8 24. b3 Ba6 25. Kd2 h6 26. h4 g5 27. fxg5+ hxg5 28. h5 g4 29. Re3 Rh8 30. Nc6 Rxh5 31. Nxa5 Rh2 32.
Rg3 Kg5 33. Nc6 Kf4 34. Rc3 Rxg2+ 35. Kc1 g3 36. Nd4 Rf2 0-1

[Event "Live Chess"]
[Site "Chess.com"]
[Date "2024.06.02"]
[Round "-"]
[White "LL220284LL"]
[Black "RockTroll"]
[Result "1-0"]
[WhiteElo "2510"]
[BlackElo "2166"]
[TimeControl "300"]
[EndTime "3:52:35 PDT"]
[Termination "LL220284LL won by resignation"]

1. Nf3 Nf6 2. g3 g6 3. Bg2 Bg7 4. d3 d5 5. Nbd2 O-O 6. O-O c5 7. Qe1 Nc6 8. e4 e5 9. exd5 Nxd5 10. a3 h6 11. Nc4 Re8 12. Ne3 Nc7 13. Rb1 Nd4 14. Nc4 Nxc2 15. Qd1 Nd4 16. Nxd4 exd4 17. Qf3 Rb8 18. b4 cxb4 19. axb4 Be6 20. Bf4 Bd5 21. Bxc7 Bxf3 22. Bxd8 Bxg2 23. Kxg2 Rbxd8 24. b5 Re2 25. Ra1 Rd5 26. Kf3 Rc2 27. Rxa7 Rxb5 28. Nd6 Rb6 29. Ra8+ Kh7 30. Nc4 Rf6+ 31. Kg2 b5 32. Ne5 b4 33.
Rb8 Rf5 34. Nc4 Rc3 35. Rxb4 Rxd3 36. Nd6 Rf6 37. Ne4 Re6 38. Nc5 Rd2 39. Nxe6 fxe6 40.
Re1 e5 41. Kf3 g5 42. h3 Kg6 43. Re2 Rd3+ 44. Ke4 Rd1 45. Rb6+ Bf6 46. Rd6 h5 47. Ra2 Re1+ 48. Kf3 Kf5 49. g4+ hxg4+ 50. hxg4+ Kg6 51. Raa6 e4+ 52. Kg2 1-0

[Event "Live Chess"]
[Site "Chess.com"]
[Date "2024.06.02"]
[Round "-"]
[White "Ksenia_2013"]
[Black "Silverback7829"]
[Result "1-0"]
[WhiteElo "985"]
[BlackElo "880"]
[TimeControl "300"]
[EndTime "3:52:38 PDT"]
[Termination "Ksenia_2013 won by checkmate"]

1. e4 e5 2. Nf3 Nc6 3. Bc4 d6 4. Ng5 Qxg5 5. d4 Qxg2 6. Rg1 Qxh2 7. Rf1 Qh3 8. dxe5 dxe5 9. Qd5 Nf6 10. Qxf7+ Kd8 11. Ke2 Qg4+ 12. Ke3 Qg2 13. Rd1+ Bd7 14. Rxd7+ Kc8 15. Rxc7+ Kb8 16. Rxb7+ Kc8 17. Qc7# 1-0

[Event "Live Chess"]
[Site "Chess.com"]
[Date "2024.06.02"]
[Round "-"]
[White "halfberg"]
[Black "asingardenof"]
[Result "1-0"]
[WhiteElo "1907"]
[BlackElo "621"]
[TimeControl "300"]
[EndTime "3:52:38 PDT"]
[Termination "halfberg won by checkmate"]

1. e4 c6 2. d4 d5 3. Nc3 Nf6 4.
e5 Ne4 5. Nxe4 dxe4 6. Bc4 Bf5 7. Ne2 e6 8. O-O Be7 9. Ng3 Bg6 10. Re1 Bb4 11.
c3 Ba5 12. Nxe4 f5 13. Bg5 Qc7 14. Nd6+ Kd7 15. Qb3 Re8 16. Nxe8 Kxe8 17. Bxe6 Nd7 18. Bxd7+ Qxd7 19. Qg8# 1-0

[Event "Live Chess"]
[Site "Chess.com"]
[Date "2024.06.02"]
[Round "-"]
[White "Ferrarifan27"]
[Black "KeithArkell"]
[Result "0-1"]
[WhiteElo "2148"]
[BlackElo "2414"]
[TimeControl "300"]
[EndTime "3:53:16 PDT"]
[Termination "KeithArkell won by resignation"]

1. e4 c6 2. d4 d5 3. e5 c5 4. dxc5 Nc6 5. a3 Nxe5 6. b4 a5 7. Bb2 Nd7 8. Qxd5 axb4 9. axb4 Rxa1 10. Bxa1 Ngf6 11. Qd1 e6 12. Nd2 Qc7 13. Ngf3 b6 14.
cxb6 Nxb6 15. c3 Be7 16. Bb5+ Bd7 17. Bxd7+ Nbxd7 18. O-O O-O 19. Qb3 Nd5 20. Rb1 Rc8 21. c4 Nxb4 22. Qc3 f6 23. Rxb4 Bxb4 24. Qxb4 Nc5 25.
Bd4 Nd3 26. Qb3 Nf4 27. Be3 e5 28. g3 Ne6 29. c5 Qf7 30. Ne4 Ra8 31. Nd6 Ra1+ 32.
Kg2 Nf4+ 33. gxf4 Qxb3 34. fxe5 Qd5 35. exf6 gxf6 36. Kg3 Ra7 37. h4 Rg7+ 38. Kh2 Qxf3 0-1

[Event "Live Chess"]
[Site "Chess.com"]
[Date "2024.06.02"]
[Round "-"]
[White "Victor_Bondar"]
[Black "Brooms1989"]
[Result "0-1"]
[WhiteElo "1460"]
[BlackElo "1251"]
[TimeControl "300"]
[EndTime "3:53:19 PDT"]
[Termination "Brooms1989 won on time"]

1. e4 e5 2. Nf3 Nc6 3. d4 exd4 4. Nxd4 Nf6 5. Nxc6 bxc6 6. Bd3 Bc5 7. Bg5 h6 8. Bh4 Be7 9. Nc3 O-O 10. O-O d6 11. h3 Bd7 12. f4 Nh7 13. Bxe7 Qxe7 14. Qf3 Rab8 15. b3 Rfe8 16. Rae1 a6 17. e5 d5 18. Kh1 Qc5 19. a4 Nf8 20. Bxa6 Qa5 21.
Bd3 Ng6 22. Bxg6 fxg6 23. Ne2 Rf8 24. Nd4 Rbe8 25. Qd3 Kh7 26. h4 Rxf4 27. g3 Rxf1+ 28. Rxf1 Qb4 29. e6 Rxe6 30. Nxe6 Bxe6 31. Kg2 Bf5 32. Qe2 Qc5 0-1

[Event "Live Chess"]
[Site "Chess.com"]
[Date "2024.06.02"]
[Round "-"]
[White "MaksymYurii"]
[Black "RichardABates"]
[Result "0-1"]
[WhiteElo "1000"]
[BlackElo "2335"]
[TimeControl "300"]
[EndTime "3:53:39 PDT"]
[Termination "RichardABates won by checkmate"]

1. e4 c5 2. Nf3 d6 3. Bc4 e6 4.
Bb5+ Bd7 5. Be2 Nc6 6. O-O Nf6 7.
Nc3 Be7 8. d3 O-O 9. Nh4 d5 10.
exd5 exd5 11. Nf3 d4 12. Ne4 Nxe4 13. dxe4 Be6 14. c3 dxc3 15. Qxd8 Raxd8 16. bxc3 Bf6 17. e5 Nxe5 18. Nxe5 Bxe5 19. Be3 Bxc3 20. Bxc5 Bxa1 21. Bxf8 Kxf8 22. Rxa1 Rd2 23. Bf1 Rxa2 24. Rd1 Ke7 25. h3 a5 26. g4 a4 27. Rd4 Bb3 28. Rb4 Bd5 29. Bg2 Bc6 30. Rc4 Kd6 31. Rd4+ Kc5 32. Rf4 f6 33. g5 fxg5 34. Rf7 Bxg2 35. Kxg2 Rb2 36. Rxg7 h6 37. Re7 a3 38. Re1 a2 39.
Ra1 b5 40. Kf3 b4 41. Ke3 b3 42. Kd3 Rb1 43. Kc3 Rxa1 44. Kxb3 Rf1 45. Kxa2 Kb4 46. Kb2 Rxf2+ 47. Kc1 h5 48. Kd1 g4 49. Ke1 g3 50.
Kd1 Kc3 51. Ke1 Kd3 52. Kd1 Rf1# 0-1

[Event "Live Chess"]
[Site "Chess.com"]
[Date "2024.06.02"]
[Round "-"]
[White "booktrunk"]
[Black "PureDashingOctopus"]
[Result "0-1"]
[WhiteElo "1501"]
[BlackElo "2270"]
[TimeControl "300"]
[EndTime "3:53:54 PDT"]
[Termination "PureDashingOctopus won by resignation"]

1. d4 Nf6 2. Nc3 d5 3. Bf4 e6 4. Nb5 Bb4+ 5. c3 Ba5 6. a4 a6 7. b4 axb5 8. bxa5 Rxa5 9. axb5 Rxb5 10. e3 Rb6 11. Rb1 Rxb1 12. Qxb1 O-O 13. Nf3 Nbd7 14. Bd3 h6 15. O-O Re8 16. Qb5 Nb6 17. Rb1 Bd7 18. Qb3 Ba4 19. Qb2 Ne4 20. Bxc7 Qxc7 21. Qxb6 Qxc3 22. Bb5 Bxb5 23. Qxb5 Rc8 24. h3 Qc2 25. Rf1 Qc6 26. Qb2 b5 27. Ne5 Qb7 28. f3 Nc3 29. Kh2 b4 30. f4 Qb5 31. Rc1 Rb8 32. Rc2 Rb7 33. Rf2 Nd1 0-1

[Event "Live Chess"]
[Site "Chess.com"]
[Date "2024.06.02"]
[Round "-"]
[White "Queensandpawns"]
[Black "StoreySniper"]
[Result "0-1"]
[WhiteElo "2240"]
[BlackElo "2492"]
[TimeControl "300"]
[EndTime "3:54:01 PDT"]
[Termination "StoreySniper won by resignation"]

1. e4 g6 2. d4 Bg7 3. Nc3 c5 4. dxc5 Bxc3+ 5. bxc3 Nf6 6. e5 Ne4 7. Nf3 Qa5 8. Qd4 Nxc5 9. Qb4 Qc7 10. Be3 b6 11.
Bc4 Nc6 12. Qb1 Nxe5 13. Bd5 Nxf3+ 14. Bxf3 Bb7 15. Bxb7 Nxb7 16. O-O Qxc3 17. Rd1 Qc7 18. Qb5 Nd6 19. Qe5 f6 20. Qd5 Rc8 21. Bf4 Qc6 22. Qd4 Nf7 23. Re1 e5 24. Qb4 d6 25. Bg3 O-O 26. h4 h5 27. Rac1 Kg7 28. Red1 Qc4 29.
Qa3 Qc5 30. Qxa7 Rc7 31. Qa6 f5 32. c4 f4 33. Bh2 Nh6 34. Rd5 Qc6 35. Rcd1 Nf5 36.
Rb5 Rb8 37. Rb4 Nxh4 38. f3 Qc5+ 0-1

[Event "Live Chess"]
[Site "Chess.com"]
[Date "2024.06.02"]
[Round "-"]
[White "elis06"]
[Black "silunn"]
[Result "1-0"]
[WhiteElo "2336"]
[BlackElo "2162"]
[TimeControl "300"]
[EndTime "3:54:03 PDT"]
[Termination "elis06 won by resignation"]

1. d4 e6 2. Nf3 d5 3. Bf4 Nf6 4. e3 c5 5. c3 a6 6. Nbd2 b5 7. Bd3 Nc6 8. O-O Bb7 9. Qe2 Be7 10. dxc5 Bxc5 11. e4 dxe4 12. Nxe4 Nxe4 13. Bxe4 h6 14. Rad1 Qf6 15. Be5 Nxe5 16. Bxb7 Nxf3+ 17. Bxf3 Rb8 18. Bc6+ Kf8 19. a4 b4 20. Qc4 Qe7 21. Rd7 Qg5 22.
Qxa6 bxc3 23. bxc3 g6 24. Qd3 Rb2 25. Qf3 Rh7 26.
h3 Rd2 27. Rxd2 Qxd2 28. Rd1 Bxf2+ 29. Kh1 Qc2 30. a5 Kg7 31. Rf1 1-0

[Event "Live Chess"]
[Site "Chess.com"]
[Date "2024.06.02"]
[Round "-"]
[White "karina55"]
[Black "vincents82"]
[Result "1-0"]
[WhiteElo "1925"]
[BlackElo "2001"]
[TimeControl "300"]
[EndTime "3:54:12 PDT"]
[Termination "karina55 won by resignation"]

1. e4 d5 2. exd5 Qxd5 3. Nc3 Qd8 4.
d4 Nf6 5. Nf3 Bg4 6. Be3 e6 7.
h3 Bxf3 8. Qxf3 c6 9. Bc4 Nbd7 10. O-O Be7 11. g4 Nd5 12. Nxd5 cxd5 13. Bd3 O-O 14. Qg3 Nb6 15. b3 Bd6 16. Qg2 Nd7 17. g5 f6 18.
f4 fxg5 19. fxg5 Qe7 20. Qg4 e5 21. Bf5 exd4 22. Bxd4 Ne5 23. Qg2 g6 24. Qxd5+ Rf7 25. Be6 Rf8 26. Bxe5 Bxe5 27. Qxe5 Re8 28. Bxf7+ 1-0

[Event "Live Chess"]
[Site "Chess.com"]
[Date "2024.06.02"]
[Round "-"]
[White "Kyrylo7770"]
[Black "Hoogleboogle"]
[Result "1-0"]
[WhiteElo "1647"]
[BlackElo "1348"]
[TimeControl "300"]
[EndTime "3:54:26 PDT"]
[Termination "Kyrylo7770 won by resignation"]

1. d4 Nf6 2. Nf3 e6 3. Bg5 d5 4. e3 Be7 5. c4 c6 6. Nc3 Nbd7 7. Bd3 h6 8. Bh4 g5 9. Bg3 b6 10. O-O Ba6 11. Ne5 Bxc4 12. Bxc4 dxc4 13. Nxc6 Qc8 14. Qa4 Nd5 15. Ne5 Nxc3 16. bxc3 Bd6 17. Nxc4 Bxg3 18. fxg3 O-O 19. Nd6 Qc7 20. Ne4 f5 21. Nd2 Rfd8 22. c4 Nf6 23. Nb3 Ne4 24. Qa6 Kf7 25. Rac1 Kf6 26.
d5 exd5 27. cxd5 Qd6 28. Rc6 Nc5 29. Rxd6+ Rxd6 30. Nxc5 bxc5 31. Qxd6+ 1-0

[Event "Live Chess"]
[Site "Chess.com"]
[Date "2024.06.02"]
[Round "-"]
[White "ameetghasi100"]
[Black "wadsy27"]
[Result "0-1"]
[WhiteElo "2766"]
[BlackElo "2593"]
[TimeControl "300"]
[EndTime "3:54:55 PDT"]
[Termination "wadsy27 won by checkmate"]

1. d4 Nf6 2. c3 d5 3. Nf3 c6 4.
Bg5 Bf5 5. h4 h6 6. Bxf6 exf6 7.
e3 Bd6 8. a3 a5 9. Nbd2 Qb6 10. b4 O-O 11. c4 axb4 12. c5 Qa5 13. Nb3 Qa4 14. cxd6 bxa3 15. Be2 Na6 16. O-O b6 17.
Bd3 Bxd3 18. Qxd3 Nb4 19. Qc3 Rfd8 20. Rfc1 Rxd6 21. Ne1 Qb5 22. Nd2 a2 23. Nc2 Nd3 24. Rd1 Nb2 25. Rf1 Nc4 26. Nxc4 dxc4 27. Nb4 Rd7 28.
Rxa2 Rxa2 29. Nxa2 Ra7 30. Nb4 Ra4 31. Nc2 Qb3 32.
Qd2 Ra2 33. Rc1 b5 34. e4 c3 35. Qd3 Qb2 36. Qe3 b4 37. d5 cxd5 38. exd5 b3 39. Nb4 Ra1 40. Nd3 Qxc1+ 41. Nxc1 b2 42. Qe8+ Kh7 43.
Qe4+ g6 44. Qe7 bxc1=Q+ 45. Kh2 Qf4+ 46. g3 Qxf2+ 47. Kh3 Rh1+ 48. Kg4 Qf5# 0-1

[Event "Live Chess"]
[Site "Chess.com"]
[Date "2024.06.02"]
[Round "-"]
[White "lateforthesky"]
[Black "Tatarinov_Maxim"]
[Result "1/2-1/2"]
[WhiteElo "2077"]
[BlackElo "2306"]
[TimeControl "300"]
[EndTime "3:55:13 PDT"]
[Termination "Game drawn - insufficient material"]

1. e4 c5 2. Nf3 Nc6 3. Bb5 Qb6 4. Nc3 e6 5. O-O d6 6. Re1 Bd7 7. a4 Nf6 8. b3 Be7 9. Bb2 O-O 10. Bf1 a6 11. g3 Qc7 12. Bg2 Rab8 13. d4 cxd4 14. Nxd4 Nxd4 15. Qxd4 b5 16. axb5 axb5 17. Ra7 Qb6 18.
Qxb6 Rxb6 19. e5 dxe5 20. Ne4 Rd8 21. Bxe5 Nxe4 22. Bxe4 Bd6 23. Bd4 Rbb8 24. Be3 Be8 25. Rd1 Bc5 26. Rxd8 Bxa7 27. Rxb8 Bxb8 28. c4 bxc4 29.
bxc4 f5 30. Bd3 Bc6 31. Kf1 Kf7 32. Ke2 h6 33. Kd2 g5 34. f4 Kf6 35. fxg5+ hxg5 36. Kc3 e5 37. Kb4 e4 38. Be2 f4 39. gxf4 gxf4 40.
Bd4+ Kf5 41. Kc3 f3 42. Bf1 Bxh2 43. Be3 Bf4 44. Kd2 Kg4 45. c5 f2 46. Ke2 Bb5+ 47.
Kxf2 Bxf1 48. Bxf4 Kxf4 49. Kxf1 Ke5 50. Ke2 Kd5 51.
Ke3 Kxc5 52. Kxe4 1/2-1/2

[Event "Live Chess"]
[Site "Chess.com"]
[Date "2024.06.02"]
[Round "-"]
[White "ZatixMajor"]
[Black "yarek"]
[Result "1-0"]
[WhiteElo "2035"]
[BlackElo "1751"]
[TimeControl "300"]
[EndTime "3:55:13 PDT"]
[Termination "ZatixMajor won by resignation"]

1. c4 g6 2. g3 Bg7 3. Bg2 c6 4.
Nc3 Nf6 5. Nf3 d5 6. cxd5 cxd5 7. d4 e6 8. O-O O-O 9. Bg5 h6 10. Bf4 Nc6 11. Qd2 Kh7 12. Ne5 Nh5 13. Nxc6 bxc6 14.
Be3 Ba6 15. Na4 Nf6 16. Nc5 Qc8 17. Rfe1 Rb8 18. Qa5 Bc4 19. b3 Rb5 20. Qxa7 Rb8 21.
bxc4 dxc4 22. Bf4 Rb2 23. Rab1 Rxb1 24. Rxb1 Nd5 25. Rb8 Qxb8 26. Bxb8 Bxd4 27. Bd6 1-0

[Event "Live Chess"]
[Site "Chess.com"]
[Date "2024.06.02"]
[Round "-"]
[White "StoreySniper"]
[Black "booktrunk"]
[Result "1-0"]
[WhiteElo "2492"]
[BlackElo "1501"]
[TimeControl "300"]
[EndTime "3:55:48 PDT"]
[Termination "StoreySniper won by resignation"]

1. e4 b6 2. d4 Bb7 3. c4 h6 4. Nc3 e6 5. Nf3 Nf6 6. e5 Nh7 7. h4 f6 8. Bd3 fxe5 9. Bg6+ Ke7 10. Nxe5 Nf6 11. Nf7 1-0

[Event "Live Chess"]
[Site "Chess.com"]
[Date "2024.06.02"]
[Round "-"]
[White "CarmelJane"]
[Black "WilliamofOrange16th"]
[Result "0-1"]
[WhiteElo "2058"]
[BlackElo "2004"]
[TimeControl "300"]
[EndTime "3:55:55 PDT"]
[Termination "WilliamofOrange16th won by resignation"]

1. Nf3 d6 2. g3 g6 3. e4 Bg7 4. Bg2 Nf6 5. O-O Nxe4 6. d3 Nf6 7. Bg5 O-O 8. c3 Nbd7 9. Qd2 Re8 10. Bh6 Bh8 11.
h4 e6 12. Bg5 c6 13. h5 Qc7 14.
hxg6 hxg6 15. Na3 e5 16. Nh4 d5 17. f4 Qb6+ 18. Kh2 Ng4+ 19. Kh1 f6 20. fxe5 fxg5 21. Qxg5 Nf8 22. Nxg6 Bg7 23. Nxf8 Rxf8 24. Rxf8+ Kxf8 25. d4 Qc7 26. Rf1+ Kg8 27. Nc2 Be6 28. Ne3 Nxe3 29. Qxe3 Rf8 30. Rxf8+ Kxf8 31. Qg5 Qe7 32. Qf4+ Qf7 33.
Qg5 Ke8 34. Kg1 Bf8 35. Bf1 Be7 36. Qh4 0-1

[Event "Live Chess"]
[Site "Chess.com"]
[Date "2024.06.02"]
[Round "-"]
[White "asingardenof"]
[Black "KeithArkell"]
[Result "0-1"]
[WhiteElo "621"]
[BlackElo "2414"]
[TimeControl "300"]
[EndTime "3:56:08 PDT"]
[Termination "KeithArkell won by checkmate"]

1. d4 e6 2. c4 Bb4+ 3. Bd2 Bxd2+ 4.
Nxd2 Nf6 5. Ngf3 d6 6. e3 Qe7 7. Bd3 e5 8. d5 e4 9. Bxe4 Nxe4 10. Nxe4 Qxe4 11. O-O O-O 12. Nd2 Qd3 13. h3 Nd7 14. Qf3 Ne5 15. Qf4 Qxd2 16. Rab1 Bd7 17. Rfd1 Qc2 18.
e4 Ng6 19. Qf3 Rae8 20. Re1 Ne5 21. Qf4 Nd3 22. Qf3 Nxe1 23. Kh2 Nxf3+ 24. gxf3 Qxb1 25. Kg3 Qg1+ 26. Kh4 h6 27. f4 Rxe4 28. f3 Qg5# 0-1

[Event "Live Chess"]
[Site "Chess.com"]
[Date "2024.06.02"]
[Round "-"]
[White "RamsayFlayer"]
[Black "DfNn"]
[Result "1-0"]
[WhiteElo "1926"]
[BlackElo "1568"]
[TimeControl "300"]
[EndTime "3:56:19 PDT"]
[Termination "RamsayFlayer won by resignation"]

1. e4 e5 2. Nf3 Nc6 3. Bb5 Bc5 4. c3 Nge7 5. d4 exd4 6. cxd4 Bb4+ 7. Bd2 Bxd2+ 8.
Nbxd2 O-O 9. O-O d5 10. exd5 Qxd5 11. Bc4 Qd8 12. Nb3 Bg4 13. Be2 Bxf3 14. Bxf3 Nd5 15. Qc2 Qd6 16. Rad1 Ndb4 17. Qc4 Nxa2 18. Nc5 Nab4 19.
Nxb7 Qe6 20. Qxe6 fxe6 21. Nc5 Rae8 22. Rfe1 Nc2 23. Rxe6 N2xd4 24. Bxc6 Rxe6 25. Nxe6 Rf6 26. Nxd4 1-0

[Event "Live Chess"]
[Site "Chess.com"]
[Date "2024.06.02"]
[Round "-"]
[White "ACM42"]
[Black "nitrofish07"]
[Result "1-0"]
[WhiteElo "2175"]
[BlackElo "2071"]
[TimeControl "300"]
[EndTime "3:56:22 PDT"]
[Termination "ACM42 won by resignation"]

1. e4 c5 2. Nf3 d6 3. d4 cxd4 4.
Nxd4 Nf6 5. Nc3 a6 6. Be2 e5 7.
Nb3 Be7 8. O-O Be6 9. f4 O-O 10. f5 Bc8 11. g4 h6 12. Be3 b5 13. Bf3 Bb7 14. Qd2 Nbd7 15. h4 b4 16. Nd5 Bxd5 17.
exd5 e4 18. Be2 Ne5 19. g5 hxg5 20. hxg5 Nfg4 21. g6 fxg6 22. fxg6 Nxe3 23. Qxe3 Nxg6 24. Qxe4 Ne5 25. Nd4 Qe8 26. Ne6 Rxf1+ 27. Rxf1 Qg6+ 28. Qxg6 Nxg6 29. Bh5 Ne5 30. Rf4 Rc8 31. Bd1 Bf6 32. Rxb4 Ng6 33. c3 Nf8 34. Bg4 Ra8 35. Nc7 Ra7 36.
Ne8 Kf7 37. Nxd6+ Kg6 38. Rb7 Ra8 39. Ne4 Rd8 40. Nxf6 Kxf6 41. c4 Nh7 42. Rb6+ Ke5 43. Rxa6 Nf6 44. Be6 Kd4 45. Rc6 Ra8 46. a3 Rb8 47. b4 Ra8 48. d6 Rxa3 49. d7 Nxd7 50. Bxd7 Rc3 51. b5 Ke3 52. Kg2 Rc2+ 53. Kg3 Kd4 54. b6 Rb2 55. Bc8 Ke5 56. b7 g5 57.
c5 Kd5 58. Rb6 1-0

[Event "Live Chess"]
[Site "Chess.com"]
[Date "2024.06.02"]
[Round "-"]
[White "Isambard_Thomas"]
[Black "JanMur7"]
[Result "1-0"]
[WhiteElo "2203"]
[BlackElo "2289"]
[TimeControl "300"]
[EndTime "3:56:24 PDT"]
[Termination "Isambard_Thomas won by resignation"]

1. d4 Nf6 2. Nf3 e6 3. Bg5 d5 4. e3 Be7 5. Bd3 h6 6. Bf4 Nbd7 7. Nbd2 c5 8. c3 O-O 9. g4 b6 10. g5 hxg5 11. Nxg5 Ne4 12. Ndxe4 dxe4 13. Bxe4 Bxg5 14. Bxg5 Qxg5 15. h4 Qf6 16. Bxa8 cxd4 17. Qxd4 Ne5 18. O-O-O Ba6 19. Be4 Rc8 20. f4 Ng4 21. Qxf6 Nxf6 22.
Bd3 Bb7 23. Rhg1 Nd5 24. Rde1 Nb4 25. Bb1 Bd5 26. a3 Na6 27. e4 Bb3 28. Bc2 Nc5 29.
Bxb3 Nxb3+ 30. Kc2 Nc5 31. f5 exf5 32. exf5 1-0

[Event "Live Chess"]
[Site "Chess.com"]
[Date "2024.06.02"]
[Round "-"]
[White "Dhaydon19"]
[Black "GwaryTek"]
[Result "1-0"]
[WhiteElo "2638"]
[BlackElo "1828"]
[TimeControl "300"]
[EndTime "3:56:59 PDT"]
[Termination "Dhaydon19 won on time"]

1. d4 Nf6 2. Nf3 d5 3. g3 Bf5 4.
Bg2 e6 5. O-O h6 6. c4 c6 7. Nc3 Nbd7 8. b3 Bd6 9. Bb2 O-O 10.
Rc1 Qe7 11. Nh4 Bh7 12. Nf3 Ba3 13. Bxa3 Qxa3 14. Qd2 Qd6 15. Rfd1 Ne4 16. Nxe4 Bxe4 17. e3 a5 18. Ne1 Bxg2 19. Kxg2 Nf6 20. Nd3 Ne4 21. Qc2 f6 22. Nf4 e5 23. dxe5 fxe5 24. Qxe4 exf4 25. exf4 Rae8 26. Qd3 Rd8 27. cxd5 cxd5 28.
Rc2 h5 29. Rcd2 Qc6 30. Rc2 Qd6 31. Re2 h4 32. Re5 d4 33. Qc4+ Rf7 34. Rf5 h3+ 35. Kxh3 Qd7 36. Qxf7+ Qxf7 37. Rxf7 Kxf7 38. Rxd4 1-0

[Event "Live Chess"]
[Site "Chess.com"]
[Date "2024.06.02"]
[Round "-"]
[White "Eva3337"]
[Black "Andriy_Yaremovych"]
[Result "0-1"]
[WhiteElo "1172"]
[BlackElo "1590"]
[TimeControl "300"]
[EndTime "3:57:03 PDT"]
[Termination "Andriy_Yaremovych won by resignation"]

1. e4 b6 2. Nf3 Bb7 3. Bd3 Nf6 4.
Qe2 e5 5. O-O Nc6 6. c3 Qe7 7.
Bc2 h6 8. Re1 O-O-O 9. Bd3 g5 10. Ba6 Bg7 11. h3 Kb8 12. Bxb7 Kxb7 13. d4 d6 14. d5 Nb8 15. Qb5 Nfd7 16. a4 a6 17. Qb3 Nc5 18. Qb4 Nd3 19. Qb3 Nxe1 20. a5 Nxf3+ 21.
gxf3 Qf6 22. Be3 Nd7 23. Na3 Qxf3 24. Nc4 b5 25. Qb4 Qxh3 26. Nxd6+ cxd6 27. Qxd6 Bf8 28. Qb6+ Nxb6 29. Bxb6 Rc8 30. Ra3 Bxa3 31. bxa3 Qxc3 0-1

[Event "Live Chess"]
[Site "Chess.com"]
[Date "2024.06.02"]
[Round "-"]
[White "KyryloPoluliakh"]
[Black "upoe610"]
[Result "0-1"]
[WhiteElo "1517"]
[BlackElo "2132"]
[TimeControl "300"]
[EndTime "3:57:07 PDT"]
[Termination "upoe610 won by checkmate"]

1. c4 c5 2. Nc3 Nc6 3. g3 g6 4. Bg2 Bg7 5. e3 e5 6. Nge2 Nge7 7.
O-O d6 8. f4 Be6 9. b3 exf4 10.
Nxf4 O-O 11. Bb2 Nb4 12. d4 Bf5 13. Bxb7 Rb8 14. Be4 cxd4 15. exd4 Qb6 16. Nfe2 Bxe4 17. Nxe4 d5 18. Ng5 Nf5 19. Bc3 Ne3 20. Qd2 Nxf1 21. Rxf1 dxc4 22. bxc4 Nc6 23. c5 Qd8 24. d5 Ne5 25. Bxe5 Bxe5 26. d6 Rb2 27. Qd3 Qxg5 28. c6 Rd2 29. Qb3 Rxe2 30. c7 Bxd6 31. Qc4 Qc5+ 32. Qxc5 Bxc5+ 33. Kh1 Rc8 34. Re1 Rxe1+ 35.
Kg2 Re2+ 36. Kh3 h5 37. a3 Bg1 38. Kh4 f6 39. h3 Kg7 40. a4 Kh6 41. g4 Bf2# 0-1